wizbiz, neutral female human Wizard ---------- ------------ |........| ---------------- |.......>..| |........| |..............-########...........| |........| |..............| # #|........^.| |........| |..............- #-------+--.- |........| -------.--.----- #### ## # -.-------- ## ##### ########### # # #` @## # ###### # # # ### #### # ###*##### # ######## # ---------.--######## # --------.-----.- ## |.*.......[.##### -.---|--- |..............| --|-- |..........| |.......| |..............| |...| |..........| ........| |..............| |..<| ------------ |.......| |...............####+...| -.......| ---------------- |...| --------- ----- wizbiz the Conjurer Experience level: 3 Strength: 10 Dexterity: 12 Constitution: 13 Intelligence: 17 Wisdom: 14 Charisma: 10 Health: 22(22) Energy: 11(16) Def: 1 Gold: 239 Moves: 1486 Dungeon seed: J_MX8OX2Q8agU6iM Game ID: wizbiz_1531659074 Your Inventory: Coins $ - 239 gold pieces Weapons a - a blessed +1 quarterstaff (weapon in hands) E - a blessed +0 elven dagger Armor e - an uncursed +0 cloak of magic resistance (being worn) Comestibles o - an uncursed food ration w - an uncursed lembas wafer Scrolls i - an uncursed scroll of light j - an uncursed scroll of gold detection s - an uncursed scroll of enchant armor y - an uncursed scroll of identify Spellbooks l - a blessed spellbook of force bolt m - an uncursed spellbook of confuse monster D - an uncursed spellbook of force bolt Potions f - 2 blessed potions of see invisible g - an uncursed potion of levitation h - an uncursed potion of monster detection p - a cursed potion of acid u - an uncursed potion of speed Rings d - an uncursed ring of polymorph P - an uncursed ring of regeneration Wands b - a wand of fire (0:5) A - a wand of cancellation (0:4) Tools k - an uncursed tin whistle Gems n - an uncursed worthless piece of yellow glass q - an uncursed amber stone Spells and supernatural/magical abilities: Name Level Category Fail Memory a - force bolt 1 attack 0% 93% u - confuse monster 2 enchantment 0% 93% W - pray for help -- divine ? -- Your skills at the end: Fighting Skills Weapon Skills quarterstaff [Basic] Spellcasting Skills attack spells [Basic] enchantment spells [Basic] Final Attributes: You were stridently aligned. You were magic-protected. You were unlucky. You survived. Vanquished creatures: a floating eye an acid blob a gas spore 2 hobbits 2 geckos 3 jackals a fox 2 goblins a sewer rat 4 grid bugs 3 lichens a kobold zombie 2 newts 24 creatures vanquished. Voluntary challenges: You were an atheist. You used a wielded weapon 18 times, starting on turn 40. You were illiterate. You never genocided any monsters. You never polymorphed an object. You never changed form. You used no wishes. You never split a pudding. You never wrote Elbereth's name. You violated your moral code, losing 14 points of alignment, starting on turn 1384. Dungeon overview: The Dungeons of Doom: levels 1 to 5 Level 1 a long staircase Level 2 Level 3 a general store stairs to The Gnomish Mines Level 4 <- You were here Level 5 The Gnomish Mines: Level 4 stairs to The Dungeons of Doom History has recorded: On T:1 you entered the Dungeons of Doom to retrieve the Amulet of Yendor! On T:111 you reached level 2 of The Dungeons of Doom. On T:433 you reached level 3 of The Dungeons of Doom. On T:476 you advanced to experience level 2. On T:619 you reached level 1 of The Gnomish Mines. On T:646 you reached level 4 of The Dungeons of Doom. On T:915 you advanced to experience level 3. On T:1278 you reached level 5 of The Dungeons of Doom. Score breakdown: Gold: 239 ( 8096 points) Experience: 3 levels ( 7878 points) Exploration: 5 levels ( 10.64%) ( 8846 points) Discoveries: 2 items ( 0.70%) ( 2504 points) Valuables value: (no points given unless you survive) Artifact value: 0 ( 0 points) Variety of kills: 13 monsters ( 3.41%) ( 5541 points) Turncount: 1486 turns ( 0 points) Survival: quit (score multiplied by 90%) Total score: 29578 Latest messages: You see here a lichen corpse. You don't have that object. Never mind. This lichen corpse tastes terrible! You finish eating the lichen corpse. This tepid water is tasteless. The cool draught refreshes you. The fountain dries up! You don't have that object. Never mind. You see here a splint mail. You see here a statue of a yellow mold. You see here 24 rocks. You see here 30 rocks. You displace your kitten. Final status: Goodbye wizbiz the Wizard, quit... You quit in The Dungeons of Doom on dungeon level 4 with 29578 points, and 239 pieces of gold, after 1486 moves. You were level 3 with a maximum of 22 hit points when you quit.